[Event "Titled Tuesday Blitz February 28 Early 2023"]
[White "Yaran, Siar"]
[Black "Yeletsky, Ivan"]
[WhiteFideId "6323006"]
[BlackFideId "24180327"]
[WhiteElo "2191"]
[BlackElo "2414"]
[Result "0-1"]
[Round "07"]
[TimeControl "180+2"]
[Date "2023.02.28"]
[WhiteClock "0:00:01"]
[BlackClock "0:00:07"]

1. d4 Nf6 2. c4 Nc6 3. Nc3 e5 4. d5 Nb8 5. a3 Bc5 6. e4 d6 7. h3 a5 8. Nf3 O-O 9. Bd3 h6 10. g4 Nh7 11. Bd2 Nd7 12. Qe2 c6 13. O-O-O Bd4 14. Bc2 Nc5 15. Be1 Qf6 16. Kb1 Ng5 17. Nxd4 exd4 18. f4 Qxf4 19. Rxd4 Nf3 20. Qf2 g5 21. Rd1 Ne5 22. Qe2 Qf3 23. Qxf3 Nxf3 24. Bg3 Ne5 25. dxc6 Nxc4 26. Rd4 Be6 27. cxb7 Rab8 28. Rxc4 Bxc4 29. Bxd6 Nxb7 30. Bxf8 Kxf8 31. Rd1 Be6 32. Nd5 Nc5 33. Rd4 Kg7 34. Rc4 Nd7 35. Rc7 Ne5 36. Ne3 Kf6 37. Nf5 Nc4 38. b3 Nxa3+ 39. Kb2 Nxc2 40. Kxc2 Rxb3 41. Rc5 Rxh3 42. e5+ Kg6 43. Ne7+ Kg7 44. Rxa5 Bxg4 45. Kd2 Be6 46. Ra8 g4 47. Ke2 h5 48. Rg8+ Kh7 49. Rg5 g3 50. Ng8 h4 51. Nf6+ Kh6 52. Rg8 Rh2+ 53. Ke3 g2 54. Kf2 h3 0-1


[Site "https://www.chess.com"]

[Event "Titled Tuesday Blitz February 28 Early 2023"]
[White "Williams, Simon K"]
[Black "Molina, Roberto Junio Brito"]
[WhiteFideId "404454"]
[BlackFideId "2109450"]
[WhiteElo "2468"]
[BlackElo "2376"]
[Result "0-1"]
[Round "07"]
[TimeControl "180+2"]
[Date "2023.02.28"]
[WhiteClock "0:00:06"]
[BlackClock "0:00:05"]

1. d4 d5 2. c4 c6 3. Nc3 Nf6 4. Nf3 dxc4 5. e4 b5 6. e5 Nd5 7. a4 e6 8. Ng5 Bb4 9. Bd2 Nxc3 10. bxc3 Bxc3 11. Bxc3 Qxg5 12. axb5 O-O 13. Be2 Bb7 14. Bf3 Qe7 15. Qb1 Rc8 16. Bb4 Qd7 17. Qe4 Rc7 18. Qg4 cxb5 19. Bd6 Rc8 20. h4 Bxf3 21. gxf3 Nc6 22. Rg1 g6 23. h5 Ne7 24. hxg6 fxg6 25. Ke2 Nf5 26. Rh1 a5 27. Rag1 Ra7 28. Qf4 Qc6 29. Qh2 Nxd4+ 30. Kf1 Qe8 31. Qh6 Nf5 32. Qg5 Rg7 33. Rg2 c3 34. Ke2 b4 35. Rgh2 Qb5+ 36. Ke1 Nxd6 37. Rxh7 Ne8 38. Rh8+ Kf7 39. Qf4+ Ke7 40. Qf8+ Kd7 41. R8h7 Kc7 42. Rxg7+ Nxg7 43. Qxg7+ Kb6 44. Rh7 Qc6 45. Qa7+ Kb5 46. Rb7+ Ka4 47. Rb6 Qc5 48. Qa6 c2 49. Kf1 c1=Q+ 50. Kg2 Qg5+ 0-1


[Site "https://www.chess.com"]

[Event "Titled Tuesday Blitz February 28 Early 2023"]
[White "Ilinca Ilinca, Felix Antonio"]
[Black "Harsh Suresh"]
[WhiteFideId "54764998"]
[BlackFideId "45018464"]
[WhiteElo "2031"]
[BlackElo "2227"]
[Result "0-1"]
[Round "07"]
[TimeControl "180+2"]
[Date "2023.02.28"]
[WhiteClock "0:00:18"]
[BlackClock "0:00:06"]

1. e4 c5 2. Nf3 g6 3. b4 Bg7 4. c3 cxb4 5. d4 bxc3 6. Nxc3 Nc6 7. Be2 d6 8. O-O Nf6 9. Rb1 O-O 10. Be3 b6 11. d5 Na5 12. Nd4 Bb7 13. Qd2 Rc8 14. f3 Nd7 15. Bf2 a6 16. a4 Nc4 17. Qa2 Ne3 18. Bxe3 Rxc3 19. Bf2 Qc7 20. Rfd1 Rc8 21. Bf1 Bf6 22. Be1 Bxd4+ 23. Rxd4 Rc1 24. Rd1 Rxd1 25. Rxd1 Qc2 26. Qxc2 Rxc2 27. Bf2 Rb2 28. Rc1 Nc5 29. a5 bxa5 30. Bxc5 dxc5 31. Rxc5 a4 32. Ra5 Rb4 33. Kf2 Kg7 34. Ke3 Rb3+ 35. Kd4 a3 36. Bc4 Rb2 37. Rxa3 Rxg2 38. Rb3 Bc8 39. Rb8 Bh3 40. Re8 e6 41. d6 Rxh2 42. e5 Rd2+ 43. Kc3 Rd1 44. Bd3 Bf5 45. Bxa6 h5 46. Bb5 h4 47. d7 h3 48. d8=Q Rxd8 49. Rxd8 Kh6 50. f4 Kh5 51. Be2+ Kh4 52. Rd1 Kg3 53. Rf1 h2 54. Bf3 Bh3 55. Rh1 Bg2 56. Bxg2 Kxg2 57. Rxh2+ Kxh2 58. Kd3 Kg3 59. Ke3 Kg4 60. Ke4 g5 61. fxg5 Kxg5 62. Kd4 Kf4 0-1


[Site "https://www.chess.com"]

[Event "Titled Tuesday Blitz February 28 Early 2023"]
[White "Nur, Shahidee Bin Saharan"]
[Black "Demin, Vladimir"]
[WhiteFideId "5810973"]
[BlackFideId "4167457"]
[WhiteElo "2753"]
[BlackElo "2572"]
[Result "0-1"]
[Round "07"]
[TimeControl "180+2"]
[Date "2023.02.28"]
[WhiteClock "0:00:03"]
[BlackClock "0:00:54"]

1. e4 e5 2. Nf3 Nc6 3. Bc4 Nf6 4. d3 h6 5. Nc3 Bb4 6. a3 Bxc3+ 7. bxc3 O-O 8. O-O d6 9. Re1 Be6 10. Bb3 Ne7 11. d4 Ng6 12. a4 Re8 13. Bb2 exd4 14. Bxe6 Rxe6 15. Qxd4 Qe7 16. Nd2 d5 17. Ba3 Qe8 18. f3 b6 19. Qd3 Rd8 20. Qe3 Qc6 21. Nb3 Qc4 22. Nd2 Qc6 23. Nb3 Re5 24. Qd4 Rde8 25. Qd2 dxe4 26. Nd4 Qc4 27. f4 e3 28. Qe2 Qxe2 29. Nxe2 Re4 30. g3 Rxa4 31. Bb2 Rxa1 32. Rxa1 a5 33. Kg2 Ne4 34. c4 Nd2 35. Bc3 Nxc4 36. Kf3 Nd2+ 37. Kg2 Ne7 38. Bd4 Nd5 39. c4 Nb4 40. Ra3 Nxc4 41. Rc3 b5 42. Kf3 Nd5 43. Rd3 Nb4 44. Rc3 a4 45. Bc5 Nd5 46. Rd3 c6 47. Nd4 a3 48. Ke2 a2 49. Rd1 Nc3+ 0-1


[Site "https://www.chess.com"]

[Event "Titled Tuesday Blitz February 28 Early 2023"]
[White "Jimenez Almeida, Luis David"]
[Black "Samunenkov, Ihor"]
[WhiteFideId "22242244"]
[BlackFideId "14187086"]
[WhiteElo "2245"]
[BlackElo "2457"]
[Result "0-1"]
[Round "07"]
[TimeControl "180+2"]
[Date "2023.02.28"]
[WhiteClock "0:01:04"]
[BlackClock "0:01:31"]

1. e4 c6 2. Nc3 d5 3. Qf3 dxe4 4. Nxe4 Nf6 5. Bc4 Nbd7 6. d4 Nb6 7. Bd3 Qxd4 8. Ne2 Qd7 9. Bg5 Qg4 10. Qe3 Nbd5 11. Qd2 Nxe4 12. Bxe4 Qxe4 13. O-O-O f6 14. f3 Qa4 15. c4 Qxc4+ 0-1


[Site "https://www.chess.com"]

[Event "Titled Tuesday Blitz February 28 Early 2023"]
[White "Hambleton, Aman"]
[Black "Roebers, Eline"]
[WhiteFideId "2606577"]
[BlackFideId "1058401"]
[WhiteElo "2511"]
[BlackElo "2564"]
[Result "1-0"]
[Round "07"]
[TimeControl "180+2"]
[Date "2023.02.28"]
[WhiteClock "0:00:03"]
[BlackClock "0:00:05"]

1. d4 f5 2. c4 Nf6 3. h4 d6 4. Nf3 g6 5. Bg5 Bg7 6. Nc3 Nbd7 7. Qc2 c6 8. e3 e5 9. h5 e4 10. Nh4 Kf7 11. Be2 Qe8 12. O-O-O Rg8 13. hxg6+ hxg6 14. d5 c5 15. Nb5 Qe7 16. Nc7 Rb8 17. Nxf5 Qe5 18. Nxg7 Qxg5 19. Nge6 Qf5 20. g4 Nxg4 21. Rh7+ Kf6 22. Bxg4 Qxg4 23. Rdh1 Ne5 24. Qc3 Qe2 25. Nb5 Qxc4 26. Nxd6 Qxc3+ 27. bxc3 Nd3+ 28. Kd2 Bxe6 29. Nxe4+ Ke5 30. dxe6 Kxe4 31. R1h4+ Ke5 32. Kxd3 Kxe6 33. Re4+ Kf6 34. Ree7 b5 35. f4 Rbd8+ 36. Ke4 Rge8 37. Rf7# 1-0


[Site "https://www.chess.com"]

[Event "Titled Tuesday Blitz February 28 Early 2023"]
[White "Mayank Chakraborty"]
[Black "Costachi, Mihnea"]
[WhiteFideId "25659766"]
[BlackFideId "1217518"]
[WhiteElo "2103"]
[BlackElo "2456"]
[Result "0-1"]
[Round "07"]
[TimeControl "180+2"]
[Date "2023.02.28"]
[WhiteClock "0:00:10"]
[BlackClock "0:00:15"]

1. b3 d5 2. Bb2 Nf6 3. Nf3 g6 4. c4 c6 5. e3 Bg7 6. Be2 O-O 7. O-O Bf5 8. d3 h6 9. Nbd2 dxc4 10. Nxc4 Na6 11. e4 Be6 12. Ne3 Qa5 13. a3 Rfd8 14. Nd4 Bd7 15. Rc1 c5 16. Nc4 Qc7 17. Nf3 b5 18. Be5 Qb7 19. Ne3 Be6 20. Qc2 Rac8 21. Qb2 Nb8 22. b4 Nbd7 23. Bc3 Nb6 24. Qa1 c4 25. Nd4 cxd3 26. Bxd3 Bc4 27. Bxc4 Nxc4 28. Nxc4 Rxc4 29. Nb3 Qc8 30. Na5 Rc7 31. Be5 Rxc1 32. Rxc1 Qe6 33. f3 Ne8 34. Nc6 Bxe5 35. Nxd8 Qb6+ 36. Kh1 Bxa1 37. Nc6 Kf8 38. Na5 Bb2 39. Rd1 0-1


[Site "https://www.chess.com"]

[Event "Titled Tuesday Blitz February 28 Early 2023"]
[White "Garakov, Mikhael"]
[Black "Hasangatin, Ramil"]
[WhiteFideId "4169034"]
[BlackFideId "4122160"]
[WhiteElo "2347"]
[BlackElo "2310"]
[Result "0-1"]
[Round "07"]
[TimeControl "180+2"]
[Date "2023.02.28"]
[WhiteClock "0:00:20"]
[BlackClock "0:01:38"]

1. e4 d5 2. exd5 Qxd5 3. Nc3 Qd6 4. d4 Nf6 5. Be2 c6 6. Bg5 Bf5 7. Qd2 Nbd7 8. O-O-O e6 9. Bf4 Qb4 10. g4 Bg6 11. g5 Nd5 12. Nxd5 Qxd2+ 13. Rxd2 cxd5 14. h4 a6 15. h5 Be4 16. f3 Bf5 17. Bd3 Bxd3 18. Rxd3 Rc8 19. Ne2 Nb8 20. h6 g6 21. Be5 Rg8 22. Re1 Nc6 23. a3 Be7 24. f4 Kd7 25. Ng3 b5 26. Nf1 Na5 27. Ne3 Nc4 28. Ng4 Rc6 29. Bf6 Bd6 30. Ne5+ Bxe5 31. fxe5 Rgc8 32. Re2 Ke8 33. Rf3 R6c7 34. Bg7 a5 35. Kb1 b4 36. a4 Nb6 37. b3 Rc3 38. Ref2 Rxf3 39. Rxf3 Nd7 40. Rd3 Nb8 41. Bf6 Rc3 42. Rxc3 bxc3 43. b4 axb4 44. Ka2 Nc6 45. Kb3 Kd7 46. a5 Kc7 47. Ka4 Kb7 48. Kb5 b3 0-1


[Site "https://www.chess.com"]

[Event "Titled Tuesday Blitz February 28 Early 2023"]
[White "Degenbaev, Aziz"]
[Black "Mirzoev, Azer"]
[WhiteFideId "13802640"]
[BlackFideId "13400304"]
[WhiteElo "2152"]
[BlackElo "2525"]
[Result "0-1"]
[Round "07"]
[TimeControl "180+2"]
[Date "2023.02.28"]
[WhiteClock "0:00:05"]
[BlackClock "0:00:18"]

1. e4 c5 2. Nf3 e6 3. d4 cxd4 4. Nxd4 a6 5. Bd3 Nc6 6. Nxc6 bxc6 7. O-O d5 8. exd5 cxd5 9. c4 Bb7 10. Nc3 Nf6 11. Qa4+ Qd7 12. Qxd7+ Kxd7 13. Rd1 Ke8 14. Bg5 Be7 15. Rac1 dxc4 16. Bxc4 h6 17. Bh4 Ne4 18. Bxe7 Kxe7 19. Na4 Rhd8 20. Nb6 Rab8 21. Bb3 Rxd1+ 22. Bxd1 Kd8 23. Ba4 f5 24. f3 Nf6 25. Nc4 Bd5 26. Bb3 Rc8 27. Rd1 Ke7 28. Nb6 Rc5 29. Nxd5+ Nxd5 30. Bxd5 exd5 31. Rd2 Kd6 32. Kf2 g5 33. g3 f4 34. b3 Rc1 35. h4 Ke5 36. hxg5 hxg5 37. Re2+ Kd4 38. Rd2+ Kc5 39. gxf4 gxf4 40. Kg2 a5 41. Kh3 Rg1 42. Rc2+ Kd4 43. Rd2+ Ke5 44. Re2+ Kd4 45. Rd2+ Ke3 46. Rxd5 Kxf3 47. Rd3+ Ke2 48. Rd7 f3 49. Re7+ Kf2 50. Rc7 Rg8 51. Rc2+ Ke3 52. Rc3+ Ke2 53. Rc2+ Kd3 54. Rf2 Ke3 55. Rf1 f2 0-1


[Site "https://www.chess.com"]

[Event "Titled Tuesday Blitz February 28 Early 2023"]
[White "Aydincelebi, Kagan"]
[Black "Eswaran, Ashritha"]
[WhiteFideId "6361102"]
[BlackFideId "2080788"]
[WhiteElo "2180"]
[BlackElo "2540"]
[Result "0-1"]
[Round "07"]
[TimeControl "180+2"]
[Date "2023.02.28"]
[WhiteClock "0:00:33"]
[BlackClock "0:01:55"]

1. e4 c5 2. Nf3 Nc6 3. Bb5 g6 4. Bxc6 dxc6 5. Nc3 Bg7 6. d3 Nf6 7. Be3 b6 8. h3 O-O 9. O-O Ne8 10. Nd2 Nc7 11. f4 f5 12. e5 Ne6 13. a4 a5 14. Nc4 Qc7 15. Qd2 Rd8 16. Qf2 Ba6 17. b3 Rd7 18. Ne2 Rad8 19. Kh2 Nd4 20. Nxd4 cxd4 21. Bd2 c5 22. g4 e6 23. g5 Bb7 24. h4 Qc6 25. Qg3 Kf7 26. Kg1 Rh8 27. Kf2 h6 28. Rg1 hxg5 29. Qxg5 Qf3+ 30. Ke1 Rh6 31. Nxb6 Re7 32. Nc4 Bd5 33. Nd6+ Kf8 34. Rf1 Qh3 35. Ke2 Rxh4 36. Rg1 Qf3+ 37. Ke1 Rh2 0-1


[Site "https://www.chess.com"]

[Event "Titled Tuesday Blitz February 28 Early 2023"]
[White "Barrientos, Sergio E"]
[Black "Manukyan, Sargis V."]
[WhiteFideId "4401824"]
[BlackFideId "13303465"]
[WhiteElo "2408"]
[BlackElo "2236"]
[Result "0-1"]
[Round "07"]
[TimeControl "180+2"]
[Date "2023.02.28"]
[WhiteClock "0:00:45"]
[BlackClock "0:00:12"]

1. Nf3 Nf6 2. g3 b5 3. Bg2 Bb7 4. O-O c5 5. d3 d5 6. Nbd2 Nbd7 7. a3 e6 8. b3 Be7 9. Bb2 O-O 10. e3 a5 11. Qe2 a4 12. Rfd1 Qb6 13. bxa4 Rxa4 14. e4 dxe4 15. dxe4 Nxe4 16. c4 Ndf6 17. cxb5 Nxd2 18. Rxd2 c4 19. Nd4 Bxg2 20. Kxg2 Nd5 21. Nc6 Qxb5 22. Nxe7+ Nxe7 23. Bd4 Nf5 24. Bc3 Rfa8 25. Qe4 h5 26. h3 Rxa3 27. Rxa3 Rxa3 28. Rd8+ Kh7 29. Qf3 Kg6 30. Rh8 Qd5 31. Qxd5 exd5 32. Be5 f6 33. Bf4 d4 34. g4 hxg4 35. hxg4 Nh6 36. Rd8 Rd3 37. f3 Nf7 38. Rd7 Ne5 39. Rd6 Nxf3 40. Kf2 Ng5 41. Rc6 Rf3+ 0-1


[Site "https://www.chess.com"]

[Event "Titled Tuesday Blitz February 28 Early 2023"]
[White "Kuzmin, Roman"]
[Black "Csonka, Balazs"]
[WhiteFideId "44134932"]
[BlackFideId "742910"]
[WhiteElo "2146"]
[BlackElo "2404"]
[Result "0-1"]
[Round "07"]
[TimeControl "180+2"]
[Date "2023.02.28"]
[WhiteClock "0:00:01"]
[BlackClock "0:00:03"]

1. e4 c5 2. Nf3 e6 3. d4 cxd4 4. Nxd4 Nf6 5. Nc3 Nc6 6. Ndb5 d6 7. Bf4 e5 8. Bg5 a6 9. Na3 b5 10. Nd5 Be7 11. Bxf6 Bxf6 12. c4 b4 13. Nc2 a5 14. g3 O-O 15. Bg2 Be6 16. O-O Rc8 17. Nde3 Qb6 18. b3 Rfd8 19. h4 Nd4 20. Nxd4 exd4 21. Ng4 Bxg4 22. Qxg4 a4 23. Kh2 Rc5 24. f4 Ra5 25. Rae1 axb3 26. axb3 Rf8 27. Qd7 Qd8 28. Qg4 Qc7 29. h5 h6 30. e5 dxe5 31. fxe5 Rxe5 32. Be4 Rg5 33. Qf3 Be5 34. Rg1 Kh8 35. Bd3 Qd6 36. Re4 Qf6 37. Qe2 Ra8 38. Rg2 Ra3 39. Rf4 Qe7 40. Qe4 g6 41. hxg6 fxg6 42. Rh4 Kg7 43. c5 Rxb3 44. c6 Rxd3 45. Qxd3 Rxg3 46. Rxg3 Qxh4+ 47. Kg2 Bxg3 48. Qxg3 Qe4+ 49. Qf3 Qe5 50. Qg4 Qd5+ 51. Qf3 Qe5 52. Qh3 Qd5+ 53. Qf3 Qd6 54. Qe4 d3 55. Qc4 d2 56. c7 d1=Q 57. c8=Q Q1d2+ 58. Kf3 Qd1+ 59. Qe2 Qf6+ 60. Ke3 Qe5+ 61. Kf3 Qdxe2# 0-1


[Site "https://www.chess.com"]

[Event "Titled Tuesday Blitz February 28 Early 2023"]
[White "Srihari L R"]
[Black "Krstulovic, Alex"]
[WhiteFideId "46617116"]
[BlackFideId "760056"]
[WhiteElo "2334"]
[BlackElo "2311"]
[Result "0-1"]
[Round "07"]
[TimeControl "180+2"]
[Date "2023.02.28"]
[WhiteClock "0:00:03"]
[BlackClock "0:00:05"]

1. d4 Nf6 2. Bg5 d5 3. Nd2 c5 4. e3 Nc6 5. Ngf3 e6 6. c3 Qb6 7. Rb1 Be7 8. Bd3 Bd7 9. O-O cxd4 10. exd4 Na5 11. Qe2 a6 12. b4 Nc6 13. Ne5 Nxe5 14. dxe5 Ne4 15. Bxe7 Nxc3 16. Qg4 Kxe7 17. Rb3 Rac8 18. Qxg7 Rhg8 19. Qf6+ Ke8 20. Bxh7 Rf8 21. h3 Ba4 22. Rb2 Nd1 23. Rb1 Nc3 24. Ra1 Qxb4 25. Nf3 Kd7 26. Ng5 Qe7 27. Qg7 f6 28. exf6 Rxf6 29. Qxe7+ Kxe7 30. Bd3 Bb5 31. Bxb5 axb5 32. Kh2 d4 33. f4 d3 34. Rf2 Rc4 35. Rd2 Rd4 36. Nf3 Rd8 37. Ne5 Rxf4 38. Rxd3 Rxd3 39. Nxd3 Rd4 40. Nc5 b6 41. Nb3 Ra4 42. Rc1 b4 43. Nd4 Kd6 44. h4 e5 45. Nf3 Rxa2 46. h5 Ra8 47. g4 Rh8 48. Kg3 Kc5 49. h6 e4 50. Ng5 Rxh6 51. Nxe4+ Kd4 52. Nd2 Ne2+ 0-1


[Site "https://www.chess.com"]

[Event "Titled Tuesday Blitz February 28 Early 2023"]
[White "Goltseva, Ekaterina"]
[Black "Kucuksari, Kaan"]
[WhiteFideId "24173770"]
[BlackFideId "6380166"]
[WhiteElo "2200"]
[BlackElo "2364"]
[Result "0-1"]
[Round "07"]
[TimeControl "180+2"]
[Date "2023.02.28"]
[WhiteClock "0:00:07"]
[BlackClock "0:00:12"]

1. d4 f5 2. Nf3 Nf6 3. e3 b6 4. Bd3 e6 5. O-O Bb7 6. c4 Be7 7. Nc3 O-O 8. Qe2 Ne4 9. Nd2 Nxc3 10. bxc3 d6 11. f4 Nd7 12. e4 Kh8 13. Bb2 Rf6 14. d5 Nc5 15. Bc2 exd5 16. cxd5 fxe4 17. c4 Bc8 18. Nxe4 Nxe4 19. Bxe4 Bd7 20. Bxf6 Bxf6 21. Qh5 Qg8 22. Rae1 g6 23. Qh6 Rf8 24. Kh1 Bg7 25. Qh4 Qf7 26. Bd3 Bf6 27. Qg3 Qg7 28. f5 Be5 29. Qh3 Qf6 30. g4 g5 31. Qf3 Kg7 32. Kg2 Rg8 33. Rh1 h5 34. gxh5 g4 35. Qe4 Kh8 36. Ref1 Rg5 37. Qe3 Rxh5 38. h3 gxh3+ 39. Rxh3 Qg7+ 40. Kh1 Qg4 41. Rf3 Bd4 42. Rxh5+ Qxh5+ 43. Rh3 Bxe3 44. Rxh5+ Kg7 45. Rh3 Bd4 46. Rg3+ Kf7 47. Rf3 a5 48. Kg2 Kf6 49. Rh3 Be5 50. Rh7 Bxf5 51. Bxf5 Kxf5 52. Rxc7 Bd4 53. Rc6 Bc5 54. Kf3 Ke5 55. Rc8 Kd4 56. Kf4 a4 57. Ra8 a3 58. Ra4 Kc3 59. Kf5 Kb2 60. Ra6 Kxa2 61. Ke6 Kb2 62. Kd7 a2 63. Kc6 a1=Q 64. Rxa1 Kxa1 65. Kb5 Kb2 66. Kc6 Kb3 67. Kb5 Kc3 68. Kc6 Kxc4 0-1


[Site "https://www.chess.com"]

[Event "Titled Tuesday Blitz February 28 Early 2023"]
[White "Nazari, Arad"]
[Black "Guliev, Logman"]
[WhiteFideId "12577324"]
[BlackFideId "13400061"]
[WhiteElo "2242"]
[BlackElo "2161"]
[Result "1-0"]
[Round "07"]
[TimeControl "180+2"]
[Date "2023.02.28"]
[WhiteClock "0:00:14"]
[BlackClock "0:00:06"]

1. e4 c5 2. Nf3 d6 3. Bb5+ Bd7 4. Bxd7+ Nxd7 5. O-O Ngf6 6. Qe2 e6 7. c3 Be7 8. d4 cxd4 9. cxd4 d5 10. e5 Ne4 11. Nbd2 Nxd2 12. Bxd2 O-O 13. Qd3 Rc8 14. Rfe1 Nb6 15. b3 Qc7 16. Rac1 Qd7 17. Bg5 h6 18. Bd2 Rxc1 19. Rxc1 Rc8 20. g4 Rxc1+ 21. Bxc1 Qc6 22. Bd2 Nd7 23. h4 Qa6 24. Qxa6 bxa6 25. Kf1 Nb8 26. Ke2 Nc6 27. h5 Kf8 28. Kd3 Ke8 29. Ne1 Bh4 30. Ke3 Bg5+ 31. f4 Be7 32. Nc2 Kd7 33. Kd3 Bh4 34. g5 Ne7 35. Ne3 hxg5 36. Ng2 f6 37. h6 gxh6 38. exf6 Ng6 39. Bb4 Ke8 40. fxg5 Bxg5 41. Bc5 h5 42. Ke2 Kf7 43. Bxa7 Kxf6 44. a4 Kf5 45. Kf3 h4 46. Bb8 h3 47. Ne1 1-0


[Site "https://www.chess.com"]

[Event "Titled Tuesday Blitz February 28 Early 2023"]
[White "Dehtiarov, Roman"]
[Black "Buksa, Nataliya"]
[WhiteFideId "14186640"]
[BlackFideId "14123622"]
[WhiteElo "2162"]
[BlackElo "2316"]
[Result "0-1"]
[Round "07"]
[TimeControl "180+2"]
[Date "2023.02.28"]
[WhiteClock "0:00:03"]
[BlackClock "0:00:22"]

1. e4 c5 2. Nc3 Nc6 3. f4 d6 4. Nf3 g6 5. Bb5 Bd7 6. O-O Bg7 7. d3 Nd4 8. Bxd7+ Qxd7 9. Be3 Nxf3+ 10. Qxf3 Nf6 11. h3 O-O 12. a4 Rad8 13. g4 b6 14. f5 Ne8 15. Rad1 Nc7 16. d4 cxd4 17. Bxd4 Qc6 18. Bxg7 Kxg7 19. f6+ exf6 20. Qxf6+ Kg8 21. Qd4 Qc5 22. b4 Qxd4+ 23. Rxd4 Ne6 24. Rd2 Rc8 25. Nd5 Rc4 26. Re1 Kg7 27. Kg2 Rfc8 28. c3 g5 29. Rf2 Nf4+ 30. Nxf4 gxf4 31. Rxf4 Rxc3 32. Ref1 R8c7 33. Rd1 R3c4 34. b5 Rd7 35. Kg3 Rxa4 36. Kh4 Re7 37. Rxd6 Raxe4 38. Rf1 R4e5 39. Rb1 Rc5 40. Rd4 Rc3 41. Rf4 Ree3 42. Rh1 Kg6 43. Rf5 h6 44. Rf4 Rb3 45. Rf5 Rec3 46. Rh5 Rc5 0-1


[Site "https://www.chess.com"]

[Event "Titled Tuesday Blitz February 28 Early 2023"]
[White "Moroni, Luca Jr"]
[Black "Bochnicka, Vladimir"]
[WhiteFideId "865834"]
[BlackFideId "14943450"]
[WhiteElo "2569"]
[BlackElo "2094"]
[Result "1-0"]
[Round "07"]
[TimeControl "180+2"]
[Date "2023.02.28"]
[WhiteClock "0:02:13"]
[BlackClock "0:00:49"]

1. Nc3 d5 2. d4 Nf6 3. Bg5 e6 4. e4 dxe4 5. Nxe4 Be7 6. Bxf6 Bxf6 7. Nf3 Bd7 8. Bd3 Bc6 9. c3 h6 10. O-O O-O 11. Qe2 Nd7 12. Rad1 Qe7 13. Rfe1 Rad8 14. c4 b6 15. Bb1 Bb7 16. Ng3 Rfe8 17. d5 exd5 18. Qc2 Qxe1+ 19. Nxe1 g6 20. cxd5 Nc5 21. b4 Nd7 22. Nf3 Ne5 1-0


[Site "https://www.chess.com"]

[Event "Titled Tuesday Blitz February 28 Early 2023"]
[White "Aldokhin, Ivan"]
[Black "Postny, Evgeny"]
[WhiteFideId "24115720"]
[BlackFideId "2804344"]
[WhiteElo "2322"]
[BlackElo "2509"]
[Result "0-1"]
[Round "07"]
[TimeControl "180+2"]
[Date "2023.02.28"]
[WhiteClock "0:00:02"]
[BlackClock "0:00:30"]

1. e4 c5 2. Nf3 Nc6 3. d4 cxd4 4. Nxd4 e5 5. Nb5 a6 6. Nd6+ Bxd6 7. Qxd6 Qe7 8. Qd2 Nf6 9. Nc3 d6 10. b3 Be6 11. Ba3 Rd8 12. Nd5 Bxd5 13. exd5 Nd4 14. c3 Nf5 15. O-O-O O-O 16. Bd3 e4 17. Rhe1 Rfe8 18. Bc2 Qc7 19. Qf4 Re5 20. c4 b5 21. Bb2 Rde8 22. Bxe5 Rxe5 23. Bxe4 Qa5 24. Bxf5 Rxe1 25. Qd2 Qa3+ 26. Kb1 Rxd1+ 27. Qxd1 bxc4 28. bxc4 g6 29. Bc2 Nd7 30. Qd3 Qb4+ 31. Kc1 Qe1+ 32. Kb2 Qxf2 33. Qg3 Qd4+ 34. Qc3 Qg1 35. Qd2 Nc5 36. Bb3 Qxh2 37. Qf2 Nd3+ 38. Kc3 Nxf2 0-1


[Site "https://www.chess.com"]

[Event "Titled Tuesday Blitz February 28 Early 2023"]
[White "Yuan, Qingyu"]
[Black "Pinheiro, Iung Alicio de O."]
[WhiteFideId "8609772"]
[BlackFideId "2104350"]
[WhiteElo "2359"]
[BlackElo "2283"]
[Result "1/2-1/2"]
[Round "07"]
[TimeControl "180+2"]
[Date "2023.02.28"]
[WhiteClock "0:00:30"]
[BlackClock "0:00:14"]

1. e4 c5 2. Nf3 Nc6 3. Bb5 g6 4. O-O Bg7 5. Re1 Nf6 6. c3 O-O 7. d4 cxd4 8. cxd4 d5 9. e5 Ne4 10. h3 Qb6 11. Bd3 f6 12. Nc3 Nxc3 13. bxc3 fxe5 14. dxe5 Nxe5 15. Nxe5 Qxf2+ 16. Kh1 Bxe5 17. Rxe5 Bxh3 18. Qg1 Qh4 19. Bg5 Bxg2+ 20. Kxg2 Qg4+ 21. Kh1 Qh3+ 22. Qh2 Qxd3 23. Rxe7 Rf1+ 24. Rxf1 Qxf1+ 25. Qg1 Qh3+ 26. Qh2 Qf1+ 27. Qg1 Qh3+ 28. Qh2 Qf1+ 1/2-1/2


[Site "https://www.chess.com"]

[Event "Titled Tuesday Blitz February 28 Early 2023"]
[White "Sielecki, Christof"]
[Black "Ozen, Bahadir"]
[WhiteFideId "4620437"]
[BlackFideId "6337058"]
[WhiteElo "2443"]
[BlackElo "2503"]
[Result "1-0"]
[Round "07"]
[TimeControl "180+2"]
[Date "2023.02.28"]
[WhiteClock "0:00:20"]
[BlackClock "0:00:09"]

1. e4 d6 2. d4 Nf6 3. Nc3 e5 4. Nf3 Nbd7 5. Rg1 g6 6. g4 Bg7 7. g5 Nh5 8. Be3 O-O 9. Qd2 c6 10. O-O-O Re8 11. Kb1 Qe7 12. Be2 a6 13. h4 b5 14. dxe5 dxe5 15. Qd6 Qxd6 16. Rxd6 Nb8 17. Rgd1 Be6 18. Rd8 Nd7 19. R8xd7 Bxd7 20. Rxd7 Nf4 21. Bxf4 exf4 22. Bd3 Bxc3 23. bxc3 Rad8 24. Rc7 Rc8 25. Rxc8 Rxc8 26. c4 c5 27. Kb2 Rb8 28. Kc3 Kg7 29. Ne5 b4+ 30. Kd2 Rd8 31. Ke2 f6 32. Ng4 fxg5 33. hxg5 a5 34. Kf3 a4 35. Ne5 Re8 36. Kxf4 h5 37. gxh6+ Kxh6 38. Ng4+ Kg7 39. e5 Rh8 40. e6 Rh1 41. Ke5 Kf8 42. Kf6 Re1 43. Ne5 Rxe5 44. Kxe5 Ke7 45. Bxg6 1-0


[Site "https://www.chess.com"]

[Event "Titled Tuesday Blitz February 28 Early 2023"]
[White "Fernandez Guillen, Ernesto J."]
[Black "Souleidis, Georgios"]
[WhiteFideId "3512428"]
[BlackFideId "4206827"]
[WhiteElo "2423"]
[BlackElo "2401"]
[Result "1-0"]
[Round "07"]
[TimeControl "180+2"]
[Date "2023.02.28"]
[WhiteClock "0:00:18"]
[BlackClock "0:00:05"]

1. e4 c5 2. Nf3 e6 3. d4 cxd4 4. Nxd4 Nf6 5. Bd3 d5 6. e5 Nfd7 7. f4 Nc6 8. c3 Nc5 9. Bc2 Qh4+ 10. g3 Qh3 11. Qf3 Bd7 12. Be3 Nxd4 13. Bxd4 Ne4 14. Nd2 Nxd2 15. Kxd2 b6 16. f5 Bc5 17. fxe6 Bxe6 18. Ba4+ Ke7 19. Bxc5+ bxc5 20. Raf1 Rhd8 21. g4 Qxg4 22. Qxg4 Bxg4 23. Rhg1 Bh5 24. Rxg7 Bg6 25. h4 Kf8 26. Rgxf7+ Bxf7 27. e6 Ke7 28. exf7 Rf8 29. Be8 Raxe8 30. fxe8=Q+ Kxe8 31. Rg1 Rf2+ 32. Kc1 Rf7 33. Rg5 Rd7 34. c4 dxc4 35. Rxc5 Rd4 36. h5 Rh4 37. Kc2 Kd7 38. Kc3 Kd6 39. Ra5 Kc6 40. Rxa7 Rxh5 41. Kxc4 Rh4+ 42. Kb3 h5 43. Rh7 Rh1 44. a4 h4 45. Kb4 h3 46. Rh6+ Kb7 47. Ka5 Kc7 48. b4 h2 49. b5 Kb7 50. Rh7+ Kc8 51. b6 1-0


[Site "https://www.chess.com"]

[Event "Titled Tuesday Blitz February 28 Early 2023"]
[White "benny_aizenberg"]
[Black "Aradhya, Garg"]
[BlackFideId "25006746"]
[WhiteElo "2578"]
[BlackElo "2278"]
[Result "0-1"]
[Round "07"]
[TimeControl "180+2"]
[Date "2023.02.28"]
[WhiteClock "0:00:02"]
[BlackClock "0:00:16"]

1. e4 e5 2. Nf3 Nc6 3. d4 exd4 4. Nxd4 Nf6 5. Nxc6 dxc6 6. e5 Qxd1+ 7. Kxd1 Ng4 8. Ke1 Bc5 9. h3 Nxf2 10. Rh2 Ne4 11. Bd3 Ng3 12. Bf4 Nf5 13. Nc3 Be3 14. Bxe3 Nxe3 15. g4 h5 16. g5 Bf5 17. Ke2 Bxd3+ 18. Kxe3 Bf5 19. h4 Ke7 20. Rf1 g6 21. Ne2 Rhd8 22. Nd4 Be6 23. Rhf2 Rf8 24. Rf6 Bd7 25. R1f2 c5 26. Ne2 Rad8 27. Nf4 Bf5 28. Nxh5 Rd4 29. Ng3 Be6 30. h5 Rg4 31. Ne4 gxh5 32. Nxc5 Rxg5 33. Nxe6 Rxe5+ 34. Kd4 Rxe6 35. R6f5 Rh6 36. Re2+ Kd7 37. Kc5 Rc6+ 38. Kb5 Rb6+ 39. Ka4 Rxb2 40. Ka3 Rb6 41. Rxh5 Re8 42. Rd2+ Rd6 43. Rf2 f6 44. Rh6 Ree6 45. Rh7+ Re7 46. Rh6 Rf7 47. Rf5 b6 48. Kb2 Ke6 49. Rf1 Rd5 50. Re1+ Re5 51. Rf1 Ke7 52. Rf3 f5 53. Rc6 Kd7 54. Rfc3 Kc8 55. Rh6 f4 56. Rf3 Re3 57. Rf2 f3 58. Rh3 Kb7 59. c3 Re2+ 60. Rxe2 fxe2 61. Re3 Rf2 62. Kb3 Kc6 63. a4 Kd5 64. Kb4 a6 65. Kb3 c5 66. Re8 a5 67. Re7 c4+ 68. Ka3 Kc5 69. Re5+ Kc6 70. Re3 b5 71. axb5+ Kxb5 72. Re5+ Kc6 73. Ka4 Kd6 74. Re3 Kc6 75. Kxa5 Kc5 76. Re5+ Kd6 77. Re3 Rf5+ 78. Kb4 Re5 0-1


[Site "https://www.chess.com"]